 Dungeon Crawl Stone Soup version 0.22-a0-580-gd5db89c09a (webtiles) character file.

2468 D1HalberdGnoll the Changer (level 9, -1/93 HPs)
             Began as an Ogre Transmuter on July 2, 2018.
             Was an Initiate of Ru.
             Slain by a steam dragon (10 damage)
             ... on level 7 of the Dungeon.
             The game lasted 00:13:56 (10384 turns).

D1HalberdGnoll the Changer (Ogre Transmuter)       Turns: 10384, Time: 00:13:57

Health: -1/93      AC:  2    Str: 16    XL:     9   Next: 51%
Magic:  11/16      EV: 23    Int: 16    God:    Ru [......]
Gold:   279        SH:  0    Dex: 15    Spells: 12/18 levels left

rFire    . . .     SeeInvis .     - Unarmed
rCold    . . .     Gourm    .   (shield currently unavailable)
rNeg     . . .     Faith    .   (armour currently unavailable)
rPois    x         Spirit   .   (helmet currently unavailable)
rElec    .         Reflect  .   (cloak currently unavailable)
rCorr    .         Harm     .   (gloves unavailable)
MR       .....                  (boots unavailable)
Stlth    +.........             (no amulet)
HPRegen  0.25/turn              (no ring)
MPRegen  0.15/turn              (no ring)

@: spider-form, very slightly contaminated
A: tiny, unfitting armour
a: End Transformation, Renounce Religion


You were on level 7 of the Dungeon.
You worshipped Ru.
Ru was noncommittal.
You were not hungry.
You were a venomous arachnid creature.
You visited 2 branches of the dungeon, and saw 8 of its levels.

You collected 279 gold pieces.

Inventory:

Missiles
 a - 33 arrows
Armour
 b - a +1 robe (melded)
 l - a scarf of spirit shield (melded)
 t - a +2 hat (melded)
Wands
 e - a wand of enslavement (5)
 n - a wand of iceblast (1)
 v - a wand of disintegration (8)
Scrolls
 h - 2 scrolls of identify
 i - 2 scrolls of teleportation
 s - a scroll of amnesia
Potions
 c - 3 potions of haste
 f - a potion of ambrosia {unknown}
 g - 2 potions of lignification
 j - 3 potions of curing
 k - 2 potions of flight
 m - a potion of resistance {unknown}
 o - a potion of heal wounds {unknown}
 p - a potion of might
 q - a potion of degeneration {unknown}
 r - a potion of brilliance {unknown}
 u - a potion of agility {unknown}
Comestibles
 d - 13 rations
 w - 6 chunks of flesh


   Skills:
 + Level 7.0 Fighting
 + Level 5.1 Dodging
 + Level 5.4 Unarmed Combat
 - Level 5.0 Spellcasting
 * Level 7.1 Transmutations


You had 12 spell levels left.
You knew the following spells:

 Your Spells              Type           Power        Failure   Level  Hunger
a - Beastly Appendage     Tmut           ####..       4%          1    None
b - Sticks to Snakes      Tmut           ####....     6%          2    #......
c - Spider Form           Tmut/Pois      ###.......   26%         3    ###....

Your spell library contained the following spells:

 Spells                   Type           Power        Failure   Level  Hunger
 Confuse                  Hex            #.......     63%         3    ###....
 Blade Hands              Tmut           ####......   43%         5    ######.
 Ice Form                 Ice/Tmut       ###.....     56%         4    ####...
 Confusing Touch          Hex            #.....       34%         1    None
 Metabolic Englaciation   Hex/Ice        #.........   99%         5    ######.
 Petrify                  Tmut/Erth      ###.....     56%         4    ####...
 Gell's Gravitas          Tloc           #.........   63%         3    ###....
 Yara's Violent Unravell  Hex/Tmut       ###.......   86%         5    ######.


Dungeon Overview and Level Annotations

Branches:
Dungeon (7/15)             Temple (1/1) D:4

Altars:
Ashenzari
Cheibriados
Dithmenos
Elyvilon
Gozag
Kikubaaqudgha
Makhleb
Nemelex Xobeh
Okawaru
Qazlal
Ru
Sif Muna
Trog
Uskayaw
Vehumet
Wu Jian
Xom
Yredelemnul
Zin
The Shining One

Annotations:
D:6 exclusion: downstairs


Innate Abilities, Weirdness & Mutations

You are too large for most types of armour.
((You have tough skin. (AC +1)))


Message History

No reachable target in view!
No reachable target in view!
You are engulfed in a cloud of scalding steam.
The steam dragon misses you.
The steam dragon claws you but does no damage.
You hit the steam dragon but do no damage.
You are engulfed in a cloud of scalding steam.
* * * LOW HITPOINT WARNING * * *
The steam dragon breathes steam at you. The ball of steam hits you!
* * * LOW HITPOINT WARNING * * *
You completely miss the steam dragon.
You are engulfed in a cloud of scalding steam.
* * * LOW HITPOINT WARNING * * *
The steam dragon misses you. x2
You feel better.
You are engulfed in a cloud of scalding steam.
* * * LOW HITPOINT WARNING * * *
The steam dragon bites you!
You die...

#####........#.########.#
#.#.#.......#....#
##.#.......#.#...#
..........#.##...#
.........#.###...#
........#.## ###.#
.......#.## ...
.#.######.# ##
#.#Ds§§§..# ..#.######.#
8....# # ....... ...8..
...... ..8D. ....


You could see a steam dragon.

Vanquished Creatures
  A centaur zombie (D:7)
  A hippogriff (D:7)
  Duvessa (D:7)
  2 sky beasts
  A centaur (D:7)
  An ogre (D:4)
  A necrophage (D:7)
  Blork the orc (D:5)
  A bullfrog (D:7)
  Dowan (D:7)
  2 scorpions
  5 wights
  A crimson imp (D:5)
  2 hounds (D:7)
  A bullfrog zombie (D:7)
  2 jellies (D:7)
  5 orc priests
  A centaur skeleton (D:5)
  3 orc wizards
  2 bullfrog skeletons (D:5)
  An iguana (D:7)
  Natasha (thrice) (D:4)
  3 worker ants
  A hound skeleton (D:5)
  6 adders
  A shadow imp (D:6)
  An adder skeleton (D:4)
  2 worms
  3 leopard geckos
  14 orcs
  4 bats
  11 giant cockroaches
  7 goblins
  6 hobgoblins
  7 jackals
  10 kobolds
  4 quokkas
  5 ball pythons
  4 frilled lizards
  A leopard gecko zombie (D:6)
  9 rats
138 creatures vanquished.

Vanquished Creatures (collateral kills)
  Prince Ribbit (D:5)
  A hound (D:4)
  A worker ant (D:5)
  An adder (D:2)
  A worm (D:3)
  2 orcs
  A goblin (D:2)
  2 jackals (D:3)
  3 kobolds
  A rat (D:2)
14 creatures vanquished.

Grand Total: 152 creatures vanquished

Notes
Turn   | Place    | Note
-------+----------+-------------------------------------------
     0 | D:1      | D1HalberdGnoll the Ogre Transmuter began the quest for the Orb.
     0 | D:1      | Reached XP level 1. HP: 19/19 MP: 3/3
   205 | D:1      | Reached XP level 2. HP: 28/28 MP: 3/5
   296 | D:1      | Learned a level 2 spell: Sticks to Snakes
   557 | D:1      | Reached XP level 3. HP: 32/35 MP: 5/7
   761 | D:2      | Found a faded altar of an unknown god.
   841 | D:2      | Found a snail-covered altar of Cheibriados.
  1404 | D:2      | Found a shattered altar of Ashenzari.
  1689 | D:2      | Reached XP level 4. HP: 42/42 MP: 8/8
  2145 | D:3      | Found a shadowy altar of Dithmenos.
  3848 | D:4      | Reached XP level 5. HP: 42/52 MP: 5/9
  4451 | D:4      | Noticed an ogre
  4455 | D:4      | Noticed Natasha
  4464 | D:4      | Killed an ogre
  4464 | D:4      | Reached XP level 6. HP: 27/61 MP: 5/11
  4468 | D:4      | Killed Natasha
  4705 | D:4      | Found a staircase to the Ecumenical Temple.
  5142 | D:4      | Noticed Natasha
  5156 | D:4      | Killed Natasha
  5170 | D:4      | Noticed Natasha
  5177 | D:4      | Killed Natasha
  5435 | Temple   | Entered the Ecumenical Temple
  5651 | D:4      | Learned a level 3 spell: Spider Form
  5669 | D:5      | Entered Level 5 of the Dungeon
  5812 | D:5      | Reached XP level 7. HP: 40/68 MP: 7/12
  6339 | D:5      | Found a deep blue altar of Sif Muna.
  6649 | D:5      | Found an ancient bone altar of Kikubaaqudgha.
  6663 | D:5      | Noticed Prince Ribbit
  6680 | D:5      | Killed Prince Ribbit
  7004 | D:5      | Noticed Blork the orc
  7016 | D:5      | Killed Blork the orc
  7016 | D:5      | Reached XP level 8. HP: 69/79 MP: 9/14
  7051 | D:5      | Found a deep blue altar of Sif Muna.
  7330 | D:6      | Found the +0 Maxwell's etheric cage {RegenMP+ *Contam rElec MP+4}
  7472 | D:6      | Reached skill level 5 in Transmutations
  7638 | D:7      | Noticed a hippogriff
  7648 | D:7      | Killed a hippogriff
  7648 | D:7      | Reached skill level 5 in Fighting
  7917 | D:7      | Found a burning altar of Makhleb.
  7925 | D:7      | Found a stormy altar of Qazlal.
  7926 | D:7      | Found a deep blue altar of Sif Muna.
  7926 | D:7      | Found a sacrificial altar of Ru.
  7931 | D:7      | Found a hide-covered altar of Uskayaw.
  7936 | D:7      | Became a worshipper of Ru the Awakened
  7998 | D:7      | Noticed Dowan
  8000 | D:7      | Noticed Duvessa
  8001 | D:7      | Killed Dowan
  8016 | D:7      | HP: 3/80 [Duvessa/short sword of venom (15)]
  8025 | D:7      | Killed Duvessa
  8025 | D:7      | Reached skill level 5 in Spellcasting
  8725 | D:7      | Found a deep blue altar of Sif Muna.
  8759 | D:7      | Found a sparkling altar of Nemelex Xobeh.
  9229 | D:7      | Reached XP level 9. HP: 71/89 MP: 13/16
  9240 | D:7      | Reached skill level 5 in Unarmed Combat
 10182 | D:7      | Reached skill level 5 in Dodging
 10384 | D:7      | Slain by a steam dragon

Vault maps used:
D:1:      lemuel_arrival_funnel
D:2:      ashenzari_altar_1, old_standard_altar,
          chequers_ecumenical_altar_island
D:3:      minmay_diamond_boxcup, nicolae_dithmenos_through_a_glass_darkly,
          first_ration, glass_columns_b
D:4:      minmay_temple_entry_large_hall, minmay_ruptured, uniq_natasha
D:5:      kiku_gazebo_garden_becter, basic_altar, tgw_sif, uniq_prince_ribbit1
D:6:      minmay_statues_item
D:7:      wad_pebble_path, kennysheep_little_box, minitemple, basic_altar,
          bh_walls_and_bars, uniq_duvessa
Temple:   eino_wide_crystal_templ

Skill      XL: |  1  2  3  4  5  6  7  8  9 |
---------------+----------------------------+-----
Transmutations | 2 3 4 6 7 |  7.1
Dodging        | 2 3 4 5 |  5.1
Fighting       | 2 3 4 6 7 |  7.0
Unarmed Combat | 3 4 5 |  5.4
Spellcasting   | 3 4 5 |  5.0

Action                   |  1- 3 |  4- 6 |  7- 9 || total
-------------------------+-------+-------+-------++-------
Melee: Unarmed           |   114 |   222 |   282 ||   618
       Kick              |    11 |    27 |    10 ||    48
       Headbutt          |     2 |     6 |     3 ||    11
       Punch             |       |     1 |     2 ||     3
 Cast: Beastly Appendage |    21 |    23 |    13 ||    57
       Sticks to Snakes  |     8 |    21 |    14 ||    43
       Spider Form       |       |       |    21 ||    21
Evoke: Wand              |       |       |    11 ||    11
  Use: Scroll            |       |    11 |     2 ||    13
       Potion            |       |     1 |     4 ||     5
 Stab: Sleeping          |     1 |     1 |       ||     2
       Distracted        |       |     1 |       ||     1
  Eat: Chunk             |     3 |    11 |     7 ||    21
       Ration            |       |     1 |     3 ||     4
Armor: Robe              |    29 |    56 |    32 ||   117
       Skin              |       |     4 |     6 ||    10
Dodge: Dodged            |    83 |   120 |   198 ||   401

Table legend:
 A = Spawn XP
 B = Non-spawn XP
 C = Spawn XP percentage of total XP
 D = Spawn monster count
 E = Non-spawn monster count
 F = Spawn count percentage of total count
 G = Total turns spent on level
                    A         B        C        D         E        F      G
               +---------+---------+-------+---------+---------+-------+---------
         Total |       0 |    3526 |   0.0 |       0 |     152 |   0.0 | 10384
               +---------+---------+-------+---------+---------+-------+---------
           D:1 |       0 |      35 |   0.0 |       0 |      23 |   0.0 |   724
           D:2 |       0 |      52 |   0.0 |       0 |      22 |   0.0 |  1177
           D:3 |       0 |      77 |   0.0 |       0 |      30 |   0.0 |  1891
           D:4 |       0 |     327 |   0.0 |       0 |      17 |   0.0 |  1763
           D:5 |       0 |     739 |   0.0 |       0 |      22 |   0.0 |  1555
           D:6 |       0 |     153 |   0.0 |       0 |       6 |   0.0 |  1816
           D:7 |       0 |    2143 |   0.0 |       0 |      32 |   0.0 |  1344
               +---------+---------+-------+---------+---------+-------+---------
